AoeStats
← Juyhou

MegaRandom

508687548Analyzed
3v3 RM · 9d ago on Sep 23, 2026· 29m 17s· 6 players
Game mode
Random Map
Map size
Normal (6 player)
Population
200
Speed
Normal
Resources
Standard
Victory
Conquest
Starting age
Dark Age
Ending age
Imperial Age
RankedLock teamsTeams togetherTeam positionsShared explorationLock speedFull tech treeHidden civsTurbo modeCheats
Victory
Defeat
🇫🇮 Wei · Finland
2071
+5
🇫🇮 Slavs · Finland
2007
+6
🇫🇮 Jurchens · Finland
1817
+11
🇮🇹 Wu · Italy
1833
-10
🇫🇮 Aztecs · Finland
1724
-6
1693
-6
OS+ | 青田龙
3∅∰©Ψ H̵͎̄ẽ̵̝ ̵
0:57 Loom
Sunset
Villese
11:40 Loom
16:05 Feudal Age
17:20 Wheelbarrow
16:34 Horse Collar
16:40 Double-Bit Axe
27:39 Castle Age
31:37 Imperial Age
29:18 Stone Mining
Juyhou
4:08 Loom
12:30 Feudal Age
16:05 Castle Age
13:51 Double-Bit Axe
14:29 Horse Collar
15:15 Gold Mining
23:52 Imperial Age
24:03 Spies/Treason
27:53 Husbandry
28:04 Forging
TheMax
5:27 Loom
17:12 Feudal Age
18:20 Double-Bit Axe
21:04 Castle Age
20:35 Forging
20:48 Man-at-Arms
21:14 Horse Collar
21:52 Squires
21:44 Long Swordsman
23:31 Iron Casting
26:16 Wheelbarrow
25:27 Town Watch
25:58 Bow Saw
31:04 Imperial Age
Connection lost

Rejoining the realm…

Still unreachable

The connection could not be restored.

Session expired

The server has moved on; the page needs a fresh start.